 Dungeon Crawl Stone Soup version 0.30-a0-116-g3b1a8e4ee4 (webtiles) character file.

Game seed: 11465827568950692657

63 frimble the Vexing (level 3, -3/26 HPs)
             Began as a Demonspawn Hexslinger on Sept 13, 2022.
             Slain by Robin
             ... wielding a +0 trident
              (7 damage)
             ... on level 2 of the Dungeon.
             The game lasted 00:01:53 (1670 turns).

frimble the Vexing (Demonspawn Hexslinger)          Turns: 1670, Time: 00:01:53

Health: -3/26      AC:  2    Str: 10    XL:     3   Next: 89%
Magic:  4/4        EV: 12    Int: 14    God:
Gold:   81         SH:  0    Dex: 15    Spells: 3/4 levels left

rFire   . . .      SeeInvis .    b - +0 long sword
rCold   . . .      Faith    .    (no shield)
rNeg    . . .      Spirit   .    c - +0 robe
rPois   .          Reflect  .    (no helmet)
rElec   .          Harm     .    (no cloak)
rCorr   .          Rampage  .    (no gloves)
Will    .....                    (no boots)
Stlth   +.........               (no amulet)
HPRegen 0.08/turn                (no ring)
MPRegen 0.09/turn                (no ring)

@: no status effects
A: weakness stinger 1
a: no special abilities


You were on level 2 of the Dungeon.
You visited 1 branch of the dungeon, and saw 2 of its levels.

You collected 81 gold pieces.

Inventory:

Hand Weapons
 a - a +1 sling
 b - a +0 long sword (weapon)
Armour
 c - a +0 robe (worn)
Scrolls
 h - 2 scrolls of amnesia {unknown}
 i - a scroll of identify {unknown}
 k - a scroll of fear {unknown}
Potions
 f - a potion of might {unknown}
 g - 2 potions of invisibility {unknown}
 j - a potion of berserk rage {unknown}
 l - a potion of brilliance {unknown}
 m - 3 potions of degeneration {unknown}
 n - a potion of attraction {unknown}


   Skills:
 - Level 1.2 Fighting
 + Level 2.8 Long Blades
 - Level 1.9 Ranged Weapons
 - Level 1.9 Dodging
 - Level 1.1 Spellcasting
 - Level 3.1 Hexes


You had 3 spell levels left.
You knew the following spells:

 Your Spells              Type           Power      Damage    Failure   Level
a - Slow                  Hex            36%        N/A       8%          1

Your spell library contained the following spells:

 Spells                   Type           Power      Damage    Failure   Level
 Magic Dart               Conj           0%         1d3       26%         1
 Searing Ray              Conj           0%         2d4       36%         2
 Inner Flame              Hex/Fire       5%         N/A       38%         3
 Portal Projectile        Hex/Tloc       10%        N/A       38%         3
 Ozocubu's Armour         Ice            0%         N/A       61%         3
 Cause Fear               Hex            4%         N/A       58%         4
 Fulminant Prism          Conj/Hex       2%         3d6       80%         4
 Ozocubu's Refrigeration  Ice            0%         4d7       100%        7


Dungeon Overview and Level Annotations

Branches:
Dungeon (2/15)

Altars:

Shops:
D:1 !

Annotations:
D:2 Robin


Innate Abilities, Weirdness & Mutations

You have a small tail.


Message History

The worm barely misses you.
A goblin comes into view. It is wielding a +0 club.
You hit the worm.
You kill the worm!
Robin roars a battlecry!
The goblins go into a battle-frenzy!
You hear a shout! x2
A goblin and a hobgoblin come into view.
The goblin shouts!
Robin hits you from afar with a +0 trident.
A goblin comes into view. It is wielding a +0 club.
You hit the goblin.
You kill the goblin!
Robin completely misses you.
You aren't carrying any items that you can evoke.
Okay, then.
Really read the scroll of poison?
Okay, then.
Robin hits you with a +0 trident!
* * * LOW HITPOINT WARNING * * *
Really read the scroll of poison?
The air fills with toxic fumes!
As you read the scroll of poison, it crumbles to dust.
Robin throws the goblin at you!
* * * LOW HITPOINT WARNING * * *
The goblin is engulfed in poison gas.
The goblin is poisoned.
You kill the goblin!
It was a potion of curing.
You feel better. Robin hits you with a +0 trident.
* * * LOW HITPOINT WARNING * * *
You aren't carrying any items that you can evoke.
Okay, then.
You feel better. Robin hits you with a +0 trident.
You hit Robin but do no damage. Robin hits you with a +0 trident!
* * * LOW HITPOINT WARNING * * *
Robin hits you with a +0 trident.
* * * LOW HITPOINT WARNING * * *
You hit Robin.
Your tail-slap misses Robin.
Robin is moderately wounded.
Robin hits you with a +0 trident!
You die...

####### ...§.....# §§§§§§#
...§§.... §§§☼§§§ ...§§§...
§§§§§§§ ...§§§☼.. §§§g§§§
...§§§§§###§§§gg§§
...§§§§§☼§§g§§§§§☼
...§§§§§§§@§.§§g§§
...§§§§§§§§§§§§§§§ #
...§☼§§§§§§§§§#### ..
...§§§§§########## ..
...§☼§☼☼).)......#
..###########.†).......#
.........# #..........#
.........####......#####...
.........+................>


You could see Robin, 2 hobgoblins and 2 goblins.

Vanquished Creatures
  An adder (D:2)
  A worm (D:2)
  3 dart slugs
  4 endoplasms
  A giant cockroach (D:1)
  9 goblins
  4 jackals (D:1)
  6 kobolds
  3 quokkas
  3 ball pythons
  2 bats (D:1)
  2 frilled lizards (D:1)
  A rat (D:2)
40 creatures vanquished.

Notes
Turn   | Place    | Note
-------+----------+-------------------------------------------
     0 | D:1      | frimble the Demonspawn Hexslinger began the quest for the
                  | Orb.
     0 | D:1      | Reached XP level 1. HP: 15/15 MP: 2/2
   177 | D:1      | Found Dutosutu's Distillery.
   192 | D:1      | Gained mutation: You have a small tail. [demonic ancestry]
   192 | D:1      | Reached XP level 2. HP: 21/21 MP: 3/3
   410 | D:1      | Reached skill level 1 in Long Blades
   987 | D:1      | Reached XP level 3. HP: 26/26 MP: 4/4
  1524 | D:2      | Found a faded altar of an unknown god.
  1657 | D:2      | Noticed Robin
  1666 | D:2      | HP: 1/26 [Robin/goblin (3)]
  1670 | D:2      | Slain by Robin

Illustrated notes

Levels and vault maps discovered:
D:1:      psy_arrival_radial01, layout_loops_cross, serial_shops,
          shop_fountains, minivault_5
D:2:      layout_basic, chequers_ecumenical_altar_twisty, uniq_robin

Skill      XL: |  1  2  3 |
---------------+----------+-----
Long Blades    | 1 2 |  2.8
Fighting       | |  1.2
Ranged Weapons | |  1.9
Dodging        | |  1.9
Spellcasting   | |  1.1
Hexes          | |  3.1

Action                   || total
-------------------------++-------
Melee: Long sword        ||    63
       Tailslap          ||     6
       Punch             ||     1
 Fire: Sling             ||    54
 Cast: Slow              ||     1
  Use: Scroll            ||     3
       Potion            ||     2
Armor: Robe              ||    23
Dodge: Dodged            ||    90

Table legend: (Time is in decaauts)
 A = Elapsed time spent in this place.
 B = Non-inter-level travel time spent in this place.
 C = Inter-level travel time spent in this place.
 D = Time resting spent in this place.
 E = Time spent auto-exploring this place.
 F = Levels seen in this place.
 G = Mean time per level.
                   A        B        C        D        E       F      G
               +--------+--------+--------+--------+--------+-----+--------+
         Total |   1700 |   1670 |     30 |      0 |   1379 |   2 |  850.0 |
       Dungeon |   1700 |   1670 |     30 |      0 |   1379 |   2 |  850.0 |
               +--------+--------+--------+--------+--------+-----+--------+

Top non-repeatable levels by time:
     D:1: 1311 daAuts
     D:2: 388 daAuts
